 Dungeon Crawl Stone Soup version 0.29.1-13-g9f3cf754e1 (webtiles) character file.

Game seed: 8295546272687174340

2361 Kosjir the Trooper (level 9, 0/112 HPs)
             Began as a Pale Draconian Berserker on Jan 22, 2023.
             Was an Elder of Trog.
             Slain by Amaemon
             ... wielding a +0 demon whip of venom
              (1 damage)
             ... on level 8 of the Dungeon.
             The game lasted 00:26:29 (6366 turns).

Kosjir the Trooper (Pale Draconian Berserker)       Turns: 6366, Time: 00:26:30

Health: 0/112      AC:  7    Str: 21    XL:     9   Next: 21%
Magic:  0/9        EV: 13    Int: 10    God:    Trog [****..]
Gold:   145        SH:  0    Dex: 11    Spells: 8/8 levels left

rFire   + . .      SeeInvis +   g - +2 club (spect)
rCold   . . .      Faith    .   (no shield)
rNeg    . . .      Spirit   +   (body armour unavailable)
rPois   .          Reflect  .   (helmet restricted)
rElec   .          Harm     .   (no cloak)
rCorr   .          Rampage  .   (no gloves)
Will    .....                   (no boots)
Stlth   ..........              k - amulet of guardian spirit
HPRegen 0.28/turn               h - ring of see invisible
MPRegen 0.11/turn               q - ring of protection from fire

@: berserking (expiring), lethally poisoned (0 -> -51), short of breath, very
quick
A: breathe steam, AC +7, unfitting armour, cold-blooded, steam resistance
a: Breathe Steam, Renounce Religion, Berserk, Trog's Hand, Brothers in Arms


You were on level 8 of the Dungeon.
You worshipped Trog.
Trog was greatly pleased with you.
You visited 1 branch of the dungeon, and saw 8 of its levels.
You also visited: Sewer.

You collected 439 gold pieces.
You spent 294 gold pieces at shops.

Inventory:

Hand Weapons
 a - a +0 hand axe
 g - a +2 spectral club (weapon)
 l - a +0 war axe of chaos
Missiles
 y - 6 boomerangs (quivered)
Jewellery
 h - a ring of see invisible (left hand)
 k - an amulet of guardian spirit (around neck)
 q - a ring of protection from fire (right hand)
 r - a +4 ring of evasion
 u - a ring of poison resistance
Wands
 f - a wand of mindburst (23)
 x - a wand of light (6)
Scrolls
 d - 3 scrolls of fear
 e - 4 scrolls of teleportation
 z - a scroll of torment {unknown}
Potions
 b - 2 potions of ambrosia
 c - a potion of degeneration {unknown}
 i - 2 potions of flight {unknown}
 j - a potion of lignification
 m - a potion of brilliance {unknown}
 n - 2 potions of resistance
 o - 2 potions of curing {unknown}
 p - a potion of mutation {unknown}
 s - 6 potions of attraction
 t - a potion of heal wounds {unknown}
 v - a potion of might {unknown}
 w - a potion of invisibility {unknown}


   Skills:
 * Level 5.9 Fighting
 * Level 5.4(6.4) Axes
 * Level 5.2(6.3) Maces & Flails
 * Level 4.3 Throwing
 * Level 5.4 Dodging
 * Level 3.8 Stealth
 * Level 3.7 Evocations


You had 8 spell levels left.
You didn't know any spells.
Your spell library was empty.

Dungeon Overview and Level Annotations

Branches:
Dungeon (8/15)             Temple (0/1) D:6           Sewer (visited)
   Lair: D:8-11

Altars:

Shops:
D:6 *

Annotations:
D:8 Amaemon


Innate Abilities, Weirdness & Mutations

You can breathe blasts of scalding, opaque steam.
Your pale cyan-grey scales are hard. (AC +7)
You cannot fit into any form of body armour.
You are cold-blooded and may be slowed by cold attacks.
You are immune to the effects of steam.


Message History

Amaemon hits you with a +0 demon whip of venom!
You are more poisoned.
Amaemon claws you. Amaemon tail-slaps you.
You hit Amaemon.
Amaemon is moderately wounded.
You feel very sick.
You completely miss Amaemon.
Amaemon is moderately wounded.
You feel very sick.
Amaemon hits you with a +0 demon whip of venom.
You are more poisoned.
Amaemon claws you but does no damage. Amaemon closely misses you.
The orange demon is engulfed in a cloud of scalding steam.
You sock Amaemon! You tail-slap Amaemon!
Amaemon is heavily wounded.
You feel very sick. Amaemon hits you but does no damage. Amaemon claws you!
Amaemon tail-slaps you but does no damage.
The orange demon stings you from afar.
* * * LOW HITPOINT WARNING * * *
You feel very sick.
You feel a strong urge to attack something.
* * * LOW HITPOINT WARNING * * *
You feel very sick.
Amaemon hits you with a +0 demon whip of venom!
* * * LOW HITPOINT WARNING * * *
You are more poisoned.
Amaemon claws you.
* * * LOW HITPOINT WARNING * * *
Amaemon tail-slaps you.
* * * LOW HITPOINT WARNING * * *
You are more poisoned.
Amaemon poisons you!
The orange demon stings you but does no damage.
You closely miss Amaemon.
Amaemon is heavily wounded.
* * * LOW HITPOINT WARNING * * *
You feel extremely sick.
Amaemon barely misses you. x2; Amaemon tail-slaps you.
You die...

## ..# #..## .#
...### #.# #....
..# ##...#### #.#
#.......# #.#
...###..#.#######.#
##@#......##.#
#6######....######
#..4.# ###........
#......# ##.......
.......... #.......
.##........
#.......
y......#...
..#.......
.##.....###..
..#....... ......#
.............


You could see Amaemon and an orange demon (curare).

Vanquished Creatures
  A wyvern (D:7)
  2 steam dragons (D:6)
  Edmund (D:6)
  A water moccasin (D:7)
  A centaur (D:6)
  A necrophage (D:5)
  4 bullfrogs
  2 scorpions
  10 wights
  5 howler monkeys
  A gnoll bouda (D:8)
  3 hounds
  Ijyb (D:3)
  An iguana (D:6)
  An orc wizard (D:6)
  7 gnolls
  9 adders
  A white imp (D:7)
  2 worms
  2 dart slugs
  3 orcs (D:6)
  20 ball pythons
  20 endoplasms
  20 giant cockroaches
  5 goblins
  7 hobgoblins
  7 jackals
  9 kobolds
  10 quokkas
  5 bats
  8 frilled lizards
  2 rats
172 creatures vanquished.

Vanquished Creatures (others)
  A giant cockroach (D:6)
1 creature vanquished.

Grand Total: 173 creatures vanquished

Notes
Turn   | Place    | Note
-------+----------+-------------------------------------------
     0 | D:1      | Kosjir the Draconian Berserker began the quest for the Orb.
     0 | D:1      | Reached XP level 1. HP: 19/19 MP: 1/1
    98 | D:1      | Reached XP level 2. HP: 26/26 MP: 2/2
   292 | D:2      | Reached XP level 3. HP: 19/33 MP: 3/3
   472 | D:3      | Noticed Ijyb
   479 | D:3      | Killed Ijyb
   541 | D:3      | Reached XP level 4. HP: 36/40 MP: 4/4
   646 | D:3      | Reached skill level 1 in Stealth
  1896 | D:2      | Found a faded altar of an unknown god.
  2025 | D:1      | Reached ** piety under Trog
  2194 | D:1      | Reached XP level 5. HP: 46/46 MP: 5/5
  3168 | D:4      | Reached skill level 1 in Maces & Flails
  3375 | D:5      | Entered Level 5 of the Dungeon
  3447 | D:5      | Reached skill level 1 in Throwing
  3447 | D:5      | Reached skill level 1 in Evocations
  3492 | D:5      | Reached XP level 6. HP: 52/53 MP: 6/6
  3607 | D:6      | Noticed a steam dragon
  3613 | D:6      | Killed a steam dragon
  3614 | D:6      | Your scales start taking on a pale cyan-grey colour.
  3614 | D:6      | Reached XP level 7. HP: 60/60 MP: 7/7
  3614 | D:6      | Gained mutation: You are immune to the effects of steam.
                  | [Pale Draconian growth]
  3732 | D:6      | Identified the +1 scale mail of Mysticism {Int+5}
  3823 | D:6      | Found a glowing drain.
  3833 | Sewer    | Entered a sewer
  4006 | Sewer    | Reached *** piety under Trog
  4310 | D:6      | Found a staircase to the Ecumenical Temple.
  4349 | D:6      | Noticed Edmund
  4359 | D:6      | Killed Edmund
  4360 | D:6      | Reached skill level 5 in Fighting
  4387 | D:6      | Reached XP level 8. HP: 54/68 MP: 8/8
  4718 | D:6      | Found Eprakh's Assorted Antiques.
  5050 | D:6      | Bought a scroll of identify for 42 gold pieces
  5050 | D:6      | Bought a bronze wand for 84 gold pieces
  5050 | D:6      | Bought a scroll of fear for 84 gold pieces
  5050 | D:6      | Bought a scroll of fear for 84 gold pieces
  5134 | D:6      | Identified the +3 ring mail of Hairiness {rPois rN+ Dex-3}
  5536 | D:7      | Reached skill level 5 in Axes
  5698 | D:7      | Reached skill level 5 in Dodging
  5719 | D:7      | Reached **** piety under Trog
  5757 | D:7      | Reached XP level 9. HP: 61/75 MP: 9/9
  5769 | D:7      | Reached skill level 5 in Maces & Flails
  6349 | D:8      | Noticed an orange demon
  6351 | D:8      | Noticed Amaemon
  6366 | D:8      | HP: 1/112 [poisoned by Amaemon]
  6366 | D:8      | Slain by Amaemon

Illustrated notes

Levels and vault maps discovered:
D:1:      minmay_arrival_stone_box, layout_loops_ring, minmay_pentomino_p4
D:2:      layout_loops_cross, hellmonk_ecumenical_altar_heavens_door
D:3:      layout_basic, uniq_ijyb
D:4:      layout_loops_corners, kennysheep_small_circle
D:5:      layout_loops_corners, guppyfry_shop_venom
D:6:      layout_basic, temple_green, serial_shops, nicolae_shop_crystal,
          portal_sewer_entry_f, nicolae_figureground_pulse, uniq_edmund
D:7:      layout_loops_ring, amcnicky_mini_corridor_feature
D:8:      layout_rooms, serial_park_tiny_pond, dreamdust_gnoll_shepherd,
          uniq_amaemon, uniq_joseph

Skill      XL: |  1  2  3  4  5  6  7  8  9 |
---------------+----------------------------+-----
Dodging        | 3 4 5 |  5.4
Fighting       | 4 5 |  5.9
Stealth        | 1 2 3 |  3.8
Axes           | 4 5 |  5.4
Maces & Flails | 1 2 3 4 5 |  5.2
Throwing       | 1 2 3 4 |  4.3
Evocations     | 1 2 3 |  3.7

Action                   |  1- 3 |  4- 6 |  7- 9 || total
-------------------------+-------+-------+-------++-------
Melee: Hand axe          |    36 |       |       ||    36
       Tailslap          |     6 |    12 |    10 ||    28
       Club              |     4 |    83 |   108 ||   195
       Punch             |       |     1 |     1 ||     2
Throw: Boomerang         |       |    34 |    16 ||    50
Invok: Berserk           |     2 |     2 |     2 ||     6
 Abil: Breathe Steam     |       |       |    39 ||    39
Evoke: Wand              |       |     1 |     6 ||     7
  Use: Scroll            |     3 |     6 |     4 ||    13
 Stab: Sleeping          |       |     4 |       ||     4
Armor: Skin              |    13 |    24 |    32 ||    69
Dodge: Dodged            |    23 |    59 |    90 ||   172
